 Dungeon Crawl Stone Soup version 0.24.0-13-gcf9b319 (webtiles) character file.

Game seed: 2860846926860783496, levelgen mode: deterministic

9552 Bronimir the Thaumaturge (level 11, -1/56 HPs)
             Began as a Deep Elf Fire Elementalist on Apr 21, 2020.
             Was a Priest of Vehumet.
             Slain by a red ugly thing (20 damage)
             ... on level 11 of the Dungeon.
             The game lasted 00:51:49 (14525 turns).

Bronimir the Thaumaturge (DEFE)                    Turns: 14525, Time: 00:51:50

Health: -1/56      AC: 17    Str:  5    XL:     11   Next: 24%
Magic:  25/28      EV: 11    Int: 26    God:    Vehumet [***...]
Gold:   410        SH:  0    Dex: 15    Spells: 4/32 levels left

rFire    . . .     SeeInvis .   a - staff of conjuration
rCold    + . .     Gourm    .   (no shield)
rNeg     . . .     Faith    .   H - +3 ring mail {rPois}
rPois    +         Spirit   .   n - +1 helmet
rElec    .         Reflect  .   (no cloak)
rCorr    .         Harm     .   (no gloves)
MR       +....                  C - +2 pair of boots
Stlth    +.........             (no amulet)
HPRegen  0.18/turn              q - ring of protection from cold
MPRegen  0.21/turn              u - ring of wizardry

@: studying Armour
A: molten scales 1, clever 1
a: Renounce Religion


You were on level 11 of the Dungeon.
You worshipped Vehumet.
Vehumet was most pleased with you.
You were not hungry.

You visited 2 branches of the dungeon, and saw 12 of its levels.

You collected 608 gold pieces.
You spent 198 gold pieces at shops.

Inventory:

Hand Weapons
 b - a +1 shortbow
 A - a +0 dagger
 E - a +2 hand crossbow of velocity
 I - a +1 spear of pain
 M - a +1 short sword of holy wrath
 N - the +4 spear of Fimbulwinter {drain, Int+3, unknown}
   (You found it on level 10 of the Dungeon)

   A truly terrible weapon, it drains the life of those it strikes.
   It affects your intelligence (+3).
Missiles
 g - 40 poisoned darts (quivered)
 w - 381 stones
 F - 106 arrows
Armour
 n - a +1 helmet (worn)
 C - a +2 pair of boots (worn)
 D - a +0 shield
 H - a +3 ring mail of poison resistance (worn)
Magical Staves
 a - an uncursed staff of conjuration (weapon)
 P - an uncursed staff of air
 S - an uncursed staff of cold {unknown}
Jewellery
 q - a ring of protection from cold (left hand)
 u - a ring of wizardry (right hand)
Wands
 x - a wand of digging (2)
 B - a wand of iceblast (8)
 L - a wand of flame (21)
 O - a wand of clouds (8)
 R - a wand of acid (8)
Scrolls
 j - 6 scrolls of identify
 o - 4 scrolls of amnesia
 p - 4 scrolls of remove curse
 r - 5 scrolls of immolation
 s - a scroll of fear
 K - a scroll of fog
Potions
 d - a potion of flight
 e - a potion of ambrosia
 h - a potion of lignification
 i - 4 potions of curing
 k - a potion of brilliance {unknown}
 l - a potion of degeneration {unknown}
 m - a potion of resistance
 t - a potion of cancellation
 v - 3 potions of agility
 z - a potion of might
 G - 2 potions of haste
Books
 y - a manual of Armour
Comestibles
 c - 22 rations


   Skills:
 + Level 1.5 Fighting
 + Level 0.1 Short Blades
 + Level 3.2 Staves
 + Level 2.5 Bows
 - Level 7.1 Armour
 + Level 4.8 Dodging
 - Level 2.4 Stealth
 + Level 11.2 Spellcasting
 * Level 9.0 Conjurations
 + Level 1.1 Hexes
 * Level 5.4 Summonings
 + Level 0.8 Translocations
 * Level 9.8 Fire Magic
 * Level 1.3 Evocations


You had 4 spell levels left.
You knew the following spells:

 Your Spells              Type           Power        Failure   Level  Hunger
a - Flame Tongue          Conj/Fire      #####        1%          1    None
b - Throw Flame           Conj/Fire      ######       1%          2    None
c - Conjure Flame         Conj/Fire      #######.     1%          3    None
d - Sticky Flame          Conj/Fire      #######.     1%          4    None
e - Static Discharge      Conj/Air       ######..     1%          3    None
f - Summon Lightning Spi  Summ/Air       ####....     21%         4    None
g - Shock                 Conj/Air       ####         1%          1    None
h - Fireball              Conj/Fire      #######...   1%          5    ###....
i - Inner Flame           Hex/Fire       #####...     1%          3    None
j - Blink                 Tloc           N/A          6%          2    None

Your spell library contained the following spells:

 Spells                   Type           Power        Failure   Level  Hunger
 Force Lance              Conj/Tloc      ######..     2%          4    None
 Magic Dart               Conj           ####         1%          1    None
 Sandblast                Erth           ##....       1%          1    None
 Summon Small Mammal      Summ           ####         1%          1    None
 Call Imp                 Summ           #####...     1%          2    None
 Call Canine Familiar     Summ           #####...     1%          3    None
 Ignite Poison            Fire/Tmut/Pois ####....     1%          3    None
 Mephitic Cloud           Conj/Pois/Air  #####...     1%          3    None
 Stone Arrow              Conj/Erth      ######       1%          3    None
 Summon Guardian Golem    Hex/Summ       ####....     4%          3    None
 Slow                     Hex            ###.....     6%          2    None
 Passwall                 Tmut/Erth      ##......     10%         2    None
 Sublimation of Blood     Necr           ##........   10%         2    None
 Summon Ice Beast         Ice/Summ       ####....     21%         4    None
 Petrify                  Tmut/Erth      ##......     50%         4    None
 Irradiate                Conj/Tmut      ######....   8%          5    ###....
 Lightning Bolt           Conj/Air       ######....   8%          5    ###....
 Lee's Rapid Deconstruct  Erth           ##........   38%         5    ###....
 Ignition                 Fire           ######....   78%         8    #######
 Alistair's Intoxication  Tmut/Pois      ##......     83%         5    ###....
 Shatter                  Erth           ##........   100%        9    #######
 Tornado                  Air            ##........   100%        9    #######


Dungeon Overview and Level Annotations

Branches:
Dungeon (11/15)            Temple (0/1) D:5             Orc (1/2) D:9
   Lair: D:8-11

Altars:
Ashenzari
Dithmenos
Gozag
Makhleb
Okawaru
Vehumet
Xom
Yredelemnul
The Shining One
Beogh

Shops:
D:5 [   D:10 }

Annotations:
D:8 Joseph


Innate Abilities, Weirdness & Mutations

You are partially covered in molten scales. (AC +2)
Your mind is acute. (Int +2)


Message History

Evoke which item? (* to show all) (? for menu, Esc to quit)
Aiming: Corrosive Bolt
Press: ? - help, Shift-Dir - straight line, f/p - red ugly thing
Aim: a red ugly thing (moderately wounded)
The bolt of acid misses the red ugly thing.
Casting: Flame Tongue (safe; 1% risk of failure)
Confirm with . or Enter, or press ? or * to list all spells.
You feel a surge of power!
The red ugly thing is struck by an arc of lightning!
The red ugly thing is heavily wounded.
You are struck by an arc of lightning.
The red ugly thing is struck by an arc of lightning!
The red ugly thing is heavily wounded.
The lightning grounds out.
The red ugly thing pecks you!
You are engulfed in flames!!
Casting: Static Discharge (safe; 1% risk of failure)
Confirm with . or Enter, or press ? or * to list all spells.
You don't know that spell.
The red ugly thing pecks you.
You are engulfed in flames!!
You die...

#.........# #....
#.........# #.#.#####
#.uF......# #.#>....#
#.........# #.#...#.#
#.........####.#.....#
#....?.......#...#...#
#..........#.###.#.#.#
#>.........#.###.#...###
#..............u@#.....#
#########.###.####.....#
.... #......<#
.#............#
.....#........# .
..........# ##.##......
.. #..#..#. #.##..#


You could see a red ugly thing.

Vanquished Creatures
  2 two-headed ogres (D:10)
  An ugly thing (D:11)
  A spriggan (D:7)
  11 yaks
  A wyvern (D:9)
  2 wraiths (D:8)
  A hungry ghost (D:7)
  6 orc warriors
  2 ice beasts (D:8)
  3 sky beasts
  5 black bears
  A necrophage (D:7)
  2 ogres
  4 wolves (D:8)
  4 centaurs
  An elf zombie (D:8)
  3 bullfrogs
  A scorpion (D:7)
  13 killer bees
  4 wights
  An electric eel (D:6)
  3 howler monkeys (D:7)
  3 crimson imps
  2 bullfrog zombies
  A centaur zombie (D:7)
  A quasit (D:9)
  4 human zombies (D:8)
  2 jellies
  4 orc priests
  5 hounds
  3 orc wizards
  3 centaur skeletons
  A human skeleton (D:8)
  4 iguanas
  7 worker ants
  A killer bee zombie (D:7)
  2 mummies (D:8)
  A worker ant zombie (D:6)
  10 gnolls
  12 adders
  An ooze (D:2)
  2 dart slugs
  5 leopard geckos
  38 orcs
  3 ball pythons
  9 bats
  3 giant cockroaches
  16 hobgoblins
  13 jackals
  7 kobolds
  A quokka (D:10)
  6 frilled lizards
  A giant cockroach zombie (D:6)
  10 goblins
  An orc zombie (D:8)
  A quokka skeleton (D:4)
  7 rats
262 creatures vanquished.

Vanquished Creatures (collateral kills)
  Pikel (D:8)
  Grum (D:8)
  A slave (D:8)
  A bullfrog (D:9)
  2 killer bees (D:9)
  3 jackals (D:9)
9 creatures vanquished.

Vanquished Creatures (others)
  2 slaves (D:8)
  A hound (D:8)
  A worker ant (D:8)
  2 plants (D:11)
6 creatures vanquished.

Grand Total: 277 creatures vanquished

Notes
Turn   | Place    | Note
-------+----------+-------------------------------------------
     0 | D:1      | Bronimir the Deep Elf Fire Elementalist began the quest for
                  | the Orb.
     0 | D:1      | Reached XP level 1. HP: 10/10 MP: 6/6
   188 | D:1      | Reached XP level 2. HP: 15/15 MP: 5/8
   631 | D:1      | Reached XP level 3. HP: 19/19 MP: 6/10
  1021 | D:2      | Found a faded altar of an unknown god.
  1144 | D:2      | Found an opulent altar of Gozag.
  1745 | D:2      | Learned a level 2 spell: Throw Flame
  1749 | D:2      | Learned a level 3 spell: Conjure Flame
  1812 | D:2      | Reached XP level 4. HP: 24/24 MP: 7/11
  1962 | D:2      | Learned a level 4 spell: Sticky Flame
  1991 | D:2      | Reached skill level 4 in Spellcasting
  2473 | D:2      | Reached XP level 5. HP: 27/28 MP: 11/13
  2483 | D:2      | Learned a level 3 spell: Static Discharge
  3202 | D:3      | Reached skill level 5 in Fire Magic
  3862 | D:3      | Reached skill level 5 in Spellcasting
  3959 | D:3      | Found a burning altar of Makhleb.
  4112 | D:3      | Reached XP level 6. HP: 32/32 MP: 12/15
  4939 | D:4      | Reached skill level 6 in Spellcasting
  5270 | D:4      | Reached XP level 7. HP: 36/36 MP: 10/18
  5321 | D:4      | Learned a level 4 spell: Summon Lightning Spire
  5526 | D:4      | Found a radiant altar of Vehumet.
  5629 | D:4      | Became a worshipper of Vehumet
  5701 | D:5      | Entered Level 5 of the Dungeon
  5825 | D:5      | Found a shimmering altar of Xom.
  5940 | D:5      | Found a staircase to the Ecumenical Temple.
  6308 | D:5      | Found Ownorosamp's Armour Emporium.
  6311 | D:5      | Bought a +2 ring mail of poison resistance for 198 gold
                  | pieces
  6509 | D:5      | Found a shattered altar of Ashenzari.
  6746 | D:6      | Found a glowing golden altar of the Shining One.
  6780 | D:6      | Reached skill level 5 in Conjurations
  6899 | D:6      | Reached skill level 1 in Armour
  6899 | D:6      | Reached skill level 1 in Summonings
  7000 | D:6      | Found an iron altar of Okawaru.
  7009 | D:6      | Reached XP level 8. HP: 41/41 MP: 13/20
  7101 | D:6      | Reached skill level 7 in Spellcasting
  7814 | D:6      | Reached * piety under Vehumet
  7814 | D:6      | Offered knowledge of Shock by Vehumet.
  7822 | D:6      | Learned a level 1 spell: Shock
  8206 | D:7      | Found a shimmering altar of Xom.
  8220 | D:7      | Reached skill level 1 in Staves
  8302 | D:7      | Reached XP level 9. HP: 40/46 MP: 11/22
  9301 | D:8      | Learned a level 5 spell: Fireball
  9357 | D:8      | Reached skill level 1 in Fighting
  9357 | D:8      | Reached skill level 8 in Spellcasting
  9561 | D:8      | Reached skill level 1 in Bows
 10097 | D:8      | Found a basalt altar of Yredelemnul.
 10578 | D:8      | Noticed Joseph
 10602 | D:8      | Reached skill level 5 in Summonings
 10606 | D:8      | Noticed Grum
 10729 | D:8      | Noticed Pikel
 10738 | D:8      | Killed Pikel
 10738 | D:8      | Reached skill level 5 in Armour
 10738 | D:8      | Reached XP level 10. HP: 30/52 MP: 3/24
 10743 | D:8      | Gained mutation: Your mind is acute. (Int +2) [potion of
                  | mutation]
 10743 | D:8      | Gained mutation: You are partially covered in molten
                  | scales. (AC +2) [potion of mutation]
 10745 | D:8      | Killed Grum
 10818 | D:8      | Reached skill level 9 in Spellcasting
 10943 | D:8      | Reached ** piety under Vehumet
 11078 | D:8      | Offered knowledge of Freeze by Vehumet.
 11083 | D:8      | Learned a level 3 spell: Inner Flame
 12011 | D:9      | Found a shadowy altar of Dithmenos.
 12104 | D:9      | Found a roughly hewn altar of Beogh.
 12104 | D:9      | Found a staircase to the Orcish Mines.
 12171 | D:8      | Learned a level 2 spell: Blink
 12256 | D:9      | Reached skill level 10 in Spellcasting
 12426 | D:9      | Offered knowledge of Searing Ray by Vehumet.
 12664 | D:10     | Entered Level 10 of the Dungeon
 12779 | D:10     | Reached *** piety under Vehumet
 12879 | D:10     | Got a scorched spear
 12885 | D:10     | Noticed a two-headed ogre
 12889 | D:10     | Killed a two-headed ogre
 12889 | D:10     | Reached XP level 11. HP: 56/56 MP: 12/27
 13007 | D:10     | Noticed a two-headed ogre
 13110 | D:10     | Reached skill level 11 in Spellcasting
 13188 | D:10     | Found Potoath's Gadget Shop.
 13293 | D:10     | Killed a two-headed ogre
 13293 | D:10     | Reached skill level 1 in Evocations
 13297 | D:10     | Offered knowledge of Force Lance by Vehumet.
 13661 | Orc:1    | Entered Level 1 of the Orcish Mines
 13970 | D:11     | Noticed a green ugly thing
 13973 | D:11     | Noticed a red ugly thing
 13975 | D:11     | Killed a green ugly thing
 14082 | D:11     | Reached skill level 1 in Hexes
 14525 | D:11     | Slain by a red ugly thing

Levels and vault maps discovered:
D:1:      lightli_arrival_noodles, layout_loops_cross
D:2:      minmay_chambers_of_ones, layout_basic, grunt_gozag_breadcrumbs,
          first_ration, chequers_ecumenical_altar_grove, minmay_pentomino_v2
D:3:      layout_basic, lemuel_round_altar, minivault_4
D:4:      layout_basic, lemuel_doored_altar, minmay_manual_monstrance
D:5:      layout_basic, ashenzari_altar_1, minmay_temple_entry_sparse_star,
          basic_altar, serial_shops, nicolae_shop_behind_doors
D:6:      layout_rooms, tso_metal_star, okawaru_altar_gauntlet_db,
          minmay_crystal_water
D:7:      layout_basic, basic_altar, the_bakery, palyth_stone_intersect
D:8:      layout_basic, lemuel_mausoleum_altar_yredelemnul, uniq_grum,
          uniq_joseph, uniq_pikel
D:9:      layout_roguey, grunt_dithmenos_smoke_and_mirrors, david_orc_5
D:10:     layout_cave_pools, serial_shops, kennysheep_mini_moat
D:11:     layout_basic, david_lair_shrubbed, bh_walls_and_bars
Orc:1:    gammafunk_beogh_shrine, layout_caves, gammafunk_ghost_grave,
          serial_shops, nicolae_shop_waterfront

Skill      XL: |  1  2  3  4  5  6  7  8  9 10 11 |
---------------+----------------------------------+-----
Fire Magic     | 4 5 6 7 8 9 |  9.8
Conjurations   | 2 4 5 6 7 8 9 |  9.0
Dodging        | 3 4 |  4.8
Spellcasting   | 4 5 6 7 8 10 11 | 11.2
Armour         | 1 3 5 7 |  7.1
Summonings     | 1 3 5 |  5.4
Staves         | 1 2 3 |  3.2
Fighting       | 1 |  1.5
Bows           | 2 |  2.5
Evocations     | 1 |  1.3
Hexes          | 1 |  1.1
Short Blades   | |  0.1
Stealth        | |  2.4
Translocations | |  0.8

Action                   |  1- 3 |  4- 6 |  7- 9 | 10-12 || total
-------------------------+-------+-------+-------+-------++-------
Melee: Dagger            |     5 |    22 |     1 |       ||    28
       Staff             |       |       |   121 |    18 ||   139
 Fire: Shortbow          |       |       |    46 |     7 ||    53
 Cast: Flame Tongue      |    69 |   126 |    34 |    48 ||   277
       Sticky Flame      |       |    15 |    60 |    39 ||   114
       Throw Flame       |       |     7 |    14 |    19 ||    40
       Static Discharge  |       |       |    20 |     4 ||    24
       Fireball          |       |       |     2 |    19 ||    21
       Summon Lightning  |       |       |     1 |     3 ||     4
       Blink             |       |       |       |     3 ||     3
       Inner Flame       |       |       |       |     1 ||     1
Evoke: Wand              |       |       |       |     3 ||     3
  Use: Potion            |       |     2 |     2 |     2 ||     6
       Scroll            |       |     1 |    14 |     6 ||    21
 Stab: Distracted        |       |     1 |       |       ||     1
  Eat: Chunk             |     2 |    12 |    16 |    13 ||    43
       Ration            |       |       |     3 |       ||     3
Armor: Robe              |     8 |    26 |     3 |       ||    37
       Ring mail         |       |       |   142 |    48 ||   190
       Skin              |       |       |       |     5 ||     5
       Scale mail        |       |       |       |    11 ||    11
Dodge: Dodged            |    42 |   108 |   165 |    49 ||   364
